SAAA
ATHLETIC CLUB KC RESERVES @ ROYSE CITY TARGARYENS
09/14/2034
 
TOP OF THE 1ST
Athletic Club KC Reserves batting - Pitching for Royse City Targaryens : RHP Eugenio Piñeiro
Pitching: RHP Eugenio Piñeiro
Batting: RHB Armando Altagracia 0-0: Called Strike
0-1: Foul Ball, location: 2F
0-2: Strikes out swinging
Batting: LHB Kwang-chih Feng 0-0: Called Strike
0-1: Ball
1-1: Swinging Strike
1-2: Ball
2-2: Foul Ball, location: 2F
2-2: Foul Ball, location: 2F
2-2: Strikes out swinging
Batting: LHB Tsai Ng 0-0: SOLO HOME RUN (Flyball, 7LD), Distance : 349 ft
Batting: LHB Luis Miguel González 0-0: Swinging Strike
0-1: Called Strike
0-2: Strikes out swinging
Top of the 1st over - 1 run, 1 hit, 0 errors, 0 left on base; Athletic Club KC 1 - Royse City 0
BOTTOM OF THE 1ST
Royse City Targaryens batting - Pitching for Athletic Club KC Reserves : RHP Adam Oldenkamp
Pitching: RHP Adam Oldenkamp
Batting: LHB Takahiro Suzuki 0-0: Called Strike
0-1: Foul Ball, location: 2F
0-2: Strikes out swinging
Batting: RHB Víctor Cuevas 0-0: Swinging Strike
0-1: Ball
1-1: Swinging Strike
1-2: Ball
2-2: Foul Ball, location: 2F
2-2: Ball
3-2: Foul Ball, location: 2F
3-2: Foul Ball, location: 2F
3-2: Fly out, F8 (Flyball, 8LD)
Batting: RHB Melvin Thomas 0-0: Foul Ball, location: 2F
0-1: Called Strike
0-2: Ball
1-2: Fly out, F6 (Popup, 6D)
Bottom of the 1st over - 0 runs, 0 hits, 0 errors, 0 left on base; Athletic Club KC 1 - Royse City 0
TOP OF THE 2ND
Athletic Club KC Reserves batting - Pitching for Royse City Targaryens : RHP Eugenio Piñeiro
Batting: SHB Carlos Rodríguez 0-0: Ball
1-0: Foul Ball, location: 2F
1-1: Ball
2-1: DOUBLE (Line Drive, 9LD)
Batting: RHB Tasuku Goto 0-0: Called Strike
0-1: Fly out, F7 (Flyball, 7)
Batting: LHB Manuel Domínguez 0-0: Ball
1-0: Ball
2-0: Called Strike
2-1: Foul Ball, location: 2F
2-2: Ball
3-2: Foul Ball, location: 2F
3-2: Foul Ball, location: 2F
3-2: SINGLE (Groundball, 4MD)
Carlos Rodríguez to third
Runner from 3rd tries for Home, throw and OUT!
Manuel Domínguez to second
Batting: RHB Troy Whitehurst 0-0: Ball
1-0: Swinging Strike
1-1: Ball
Wild Pitch!
Manuel Domínguez to third
2-1: Swinging Strike
2-2: Foul Ball, location: 2F
2-2: Foul Ball, location: 2F
2-2: Foul Ball, location: 2F
2-2: Ball
3-2: Hit by Pitch
Batting: RHB Pedro Solís 0-0: Swinging Strike
0-1: Ball
1-1: Ball
2-1: Ball
3-1: Called Strike
3-2: Ground out 1-3 (Groundball, 13S)
Top of the 2nd over - 0 runs, 2 hits, 0 errors, 2 left on base; Athletic Club KC 1 - Royse City 0
BOTTOM OF THE 2ND
Royse City Targaryens batting - Pitching for Athletic Club KC Reserves : RHP Adam Oldenkamp
Batting: LHB Santiago Miranda 0-0: Called Strike
0-1: DOUBLE (Flyball, 8RD)
Batting: SHB Miguel Herrera 0-0: Ball
1-0: Ball
2-0: Ball
3-0: Base on Balls
Batting: RHB David Elías 0-0: Ball
1-0: Ball
2-0: Called Strike
2-1: Foul Ball, location: 2F
2-2: Ball
3-2: Hit by Pitch
Santiago Miranda to third
Miguel Herrera to second
Batting: RHB José García 0-0: Ball
1-0: Fly out, F9 (Flyball, 89D)
Runner from 3rd tags up, OUT at HOME
Miguel Herrera to third
David Elías to second
Batting: SHB Vernon T. Waldrip 0-0: Called Strike
0-1: Foul Ball, location: 2F
0-2: Ground out 5-3 (Groundball, 56S)
Bottom of the 2nd over - 0 runs, 1 hit, 0 errors, 2 left on base; Athletic Club KC 1 - Royse City 0
TOP OF THE 3RD
Athletic Club KC Reserves batting - Pitching for Royse City Targaryens : RHP Eugenio Piñeiro
Batting: RHB Armando Altagracia 0-0: Foul Ball, location: 2F
0-1: Foul Ball, location: 2F
0-2: Foul Ball, location: 2F
0-2: Ball
1-2: Foul Ball, location: 2F
1-2: Ball
2-2: Foul Ball, location: 2F
2-2: Foul Ball, location: 2F
2-2: Foul Ball, location: 2F
2-2: TRIPLE (Flyball, 78XD)
Batting: LHB Kwang-chih Feng 0-0: Ball
1-0: Foul Ball, location: 2F
1-1: Foul Ball, location: 2F
1-2: Fly out, F6 (Line Drive, 6)
Batting: LHB Tsai Ng 0-0: Ball
1-0: Ball
2-0: Ball
3-0: Called Strike
3-1: Called Strike
3-2: Foul Ball, location: 2F
3-2: SINGLE (Groundball, 4MD)
Armando Altagracia scores
Batting: LHB Luis Miguel González 0-0: Called Strike
0-1: Called Strike
0-2: Ball
1-2: Strikes out swinging
Batting: SHB Carlos Rodríguez 0-0: Ball
1-0: Called Strike
1-1: Ball
2-1: Swinging Strike
2-2: SINGLE (Line Drive, 9S)
Tsai Ng to second
Runner from 2nd tries for 3rd, SAFE, no throw
Batting: RHB Tasuku Goto 0-0: Ball
1-0: Swinging Strike
1-1: Swinging Strike
1-2: Strikes out swinging
Top of the 3rd over - 1 run, 3 hits, 0 errors, 2 left on base; Athletic Club KC 2 - Royse City 0
BOTTOM OF THE 3RD
Royse City Targaryens batting - Pitching for Athletic Club KC Reserves : RHP Adam Oldenkamp
Batting: RHB Breanainn Swartwood 0-0: SINGLE (Line Drive, 7S)
Batting: LHB Takahiro Suzuki 0-0: Ball
1-0: Called Strike
1-1: Ball
2-1: Ball
3-1: Base on Balls
Breanainn Swartwood to second
Batting: RHB Víctor Cuevas 0-0: Ball
1-0: Ball
2-0: Called Strike
2-1: Ball
3-1: Foul Ball, location: 2F
3-2: Base on Balls
Breanainn Swartwood to third
Takahiro Suzuki to second
Batting: RHB Melvin Thomas 0-0: Ball
1-0: Foul Ball, location: 2F
1-1: Foul Ball, location: 2F
1-2: Ball
2-2: Foul Ball, location: 2F
2-2: Foul Ball, location: 2F
2-2: Foul Ball, location: 2F
2-2: Ball
3-2: Fly out, F8 (Flyball, 8RD)
Runner from 3rd tags up, SCORES, throw made
Batting: LHB Santiago Miranda 0-0: Ball
1-0: Ball
2-0: SINGLE (Groundball, 4MD)
Takahiro Suzuki to third
Víctor Cuevas to second
Runner from 3rd tries for Home, SAFE, no throw
Batting: SHB Miguel Herrera 0-0: Ball
1-0: Foul Ball, location: 2F
1-1: Ball
2-1: Foul Ball, location: 2F
2-2: Ball
3-2: Foul Ball, location: 2F
3-2: Foul Ball, location: 2F
3-2: Hit by Pitch
Víctor Cuevas to third
Santiago Miranda to second
Batting: RHB David Elías 0-0: Foul Ball, location: 2F
0-1: Ball
1-1: Foul Ball, location: 2F
1-2: Ball
2-2: Fly out, F9 (Flyball, 9S)
Batting: RHB José García 0-0: Ball
1-0: Called Strike
1-1: Swinging Strike
1-2: Ball
2-2: SINGLE (Flyball, 7S)
Víctor Cuevas scores
Santiago Miranda to third
Miguel Herrera to second
Runner from 3rd tries for Home, SAFE, throw made home
Batting: SHB Vernon T. Waldrip 0-0: Ball
1-0: Ground out 4-3 (Groundball, 4)
Bottom of the 3rd over - 4 runs, 3 hits, 0 errors, 2 left on base; Athletic Club KC 2 - Royse City 4
TOP OF THE 4TH
Athletic Club KC Reserves batting - Pitching for Royse City Targaryens : RHP Eugenio Piñeiro
Batting: LHB Manuel Domínguez 0-0: Foul Ball, location: 2F
0-1: Swinging Strike
0-2: Foul Ball, location: 2F
0-2: Foul Ball, location: 2F
0-2: Ball
1-2: Strikes out swinging
Batting: RHB Troy Whitehurst 0-0: Ball
1-0: Ball
2-0: Called Strike
2-1: Ball
3-1: Base on Balls
Batting: RHB Pedro Solís 0-0: Called Strike
0-1: Foul Ball, location: 2F
0-2: Ball
1-2: Fly out, F8 (Flyball, 8LD)
Batting: RHB Armando Altagracia 0-0: Foul Ball, location: 2F
0-1: Ball
1-1: Foul Ball, location: 2F
1-2: Ball
2-2: Ball
3-2: Ground out 6-3 (Groundball, 6)
Top of the 4th over - 0 runs, 0 hits, 0 errors, 1 left on base; Athletic Club KC 2 - Royse City 4
BOTTOM OF THE 4TH
Royse City Targaryens batting - Pitching for Athletic Club KC Reserves : RHP Adam Oldenkamp
Batting: RHB Breanainn Swartwood 0-0: SINGLE (Flyball, 7LM)
Batting: LHB Takahiro Suzuki 0-0: Called Strike
0-1: Swinging Strike
0-2: Foul Ball, location: 2F
0-2: Strikes out swinging
Batting: RHB Víctor Cuevas 0-0: Foul Ball, location: 2F
0-1: Ball
1-1: Called Strike
1-2: Fielders Choice at 2nd, 4-6 (Groundball, 4M)
Batting: RHB Melvin Thomas 0-0: Ball
1-0: Ball
2-0: SINGLE (Line Drive, 89M)
Víctor Cuevas to second
Batting: LHB Santiago Miranda 0-0: Ball
1-0: Ball
2-0: Called Strike
2-1: Fly out, F7 (Flyball, 78D)
Bottom of the 4th over - 0 runs, 2 hits, 0 errors, 2 left on base; Athletic Club KC 2 - Royse City 4
TOP OF THE 5TH
Athletic Club KC Reserves batting - Pitching for Royse City Targaryens : RHP Eugenio Piñeiro
Batting: LHB Kwang-chih Feng 0-0: Called Strike
0-1: Ball
1-1: Called Strike
1-2: Strikes out looking
Batting: LHB Tsai Ng 0-0: Swinging Strike
0-1: SOLO HOME RUN (Flyball, 78D), Distance : 391 ft
Batting: LHB Luis Miguel González 0-0: Ball
1-0: Ball
2-0: Called Strike
2-1: Fly out, F7 (Flyball, 7S)
Batting: SHB Carlos Rodríguez 0-0: Called Strike
0-1: Called Strike
0-2: Strikes out looking
Top of the 5th over - 1 run, 1 hit, 0 errors, 0 left on base; Athletic Club KC 3 - Royse City 4
BOTTOM OF THE 5TH
Royse City Targaryens batting - Pitching for Athletic Club KC Reserves : RHP Adam Oldenkamp
Pitching: RHP Kamisese Alohinani
Batting: SHB Miguel Herrera 0-0: Called Strike
0-1: Ball
1-1: Foul Ball, location: 2F
1-2: Ball
2-2: SOLO HOME RUN (Flyball, 9LD), Distance : 352 ft
Batting: RHB David Elías 0-0: Foul Ball, location: 2F
0-1: Ball
1-1: Swinging Strike
1-2: Ball
2-2: Ball
3-2: Base on Balls
Batting: RHB José García 0-0: Sac Bunt - play at first, batter OUT! 1-3
David Elías to second
Batting: SHB Vernon T. Waldrip 0-0: Foul Ball, location: 2F
0-1: Ball
1-1: SINGLE (Groundball, 6MD)
David Elías to third
Runner from 3rd tries for Home, SAFE, throw made home
Vernon T. Waldrip to second
Batting: RHB Breanainn Swartwood 0-0: Ball
1-0: Ball
2-0: Foul Ball, location: 2F
2-1: Foul Ball, location: 2F
2-2: Ground out 5-3 (Groundball, 56)
Batting: LHB Takahiro Suzuki 0-0: Called Strike
0-1: SINGLE (Groundball, 6MD)
Vernon T. Waldrip to third
Runner from 3rd tries for Home, SAFE, no throw
Batting: RHB Víctor Cuevas 0-0: Ball
Takahiro Suzuki steals 2nd base
1-0: Ball
2-0: Foul Ball, location: 2F
2-1: Ball
3-1: Swinging Strike
3-2: Base on Balls
Batting: RHB Melvin Thomas 0-0: Called Strike
0-1: SINGLE (Flyball, 89S)
Takahiro Suzuki to third
Víctor Cuevas to second
Runner from 3rd tries for Home, SAFE, no throw
Pitching: RHP Ángel Rivera
Batting: LHB Santiago Miranda 0-0: Swinging Strike
0-1: Foul Ball, location: 2F
0-2: Foul Ball, location: 2F
0-2: Foul Ball, location: 2F
0-2: Strikes out swinging
Bottom of the 5th over - 4 runs, 4 hits, 0 errors, 2 left on base; Athletic Club KC 3 - Royse City 8
TOP OF THE 6TH
Athletic Club KC Reserves batting - Pitching for Royse City Targaryens : RHP Eugenio Piñeiro
Pitching: LHP Shunen Takahashi
Batting: RHB Tasuku Goto 0-0: Ball
1-0: Ball
2-0: SINGLE (Line Drive, 56)
Batting: LHB Manuel Domínguez 0-0: Foul Ball, location: 2F
0-1: Ball
1-1: SINGLE (Flyball, 78S)
Tasuku Goto to second
Pitching: LHP Pedro Tavárez
Batting: RHB Troy Whitehurst 0-0: Called Strike
0-1: Swinging Strike
0-2: Foul Ball, location: 2F
0-2: Ball
1-2: Strikes out swinging
Batting: RHB Pedro Solís 0-0: SINGLE (Flyball, 78S)
Tasuku Goto to third
Manuel Domínguez to second
Batting: RHB Armando Altagracia 0-0: Swinging Strike
0-1: Ball
Wild Pitch!
Tasuku Goto scores
Manuel Domínguez to third
Pedro Solís to second
1-1: Ball
2-1: Foul Ball, location: 2F
2-2: Strikes out looking
Batting: LHB Kwang-chih Feng 0-0: Ball
1-0: Called Strike
1-1: Ball
2-1: Ball
3-1: Foul Ball, location: 2F
3-2: Ground out 4-3 (Groundball, 4)
Top of the 6th over - 1 run, 3 hits, 0 errors, 2 left on base; Athletic Club KC 4 - Royse City 8
BOTTOM OF THE 6TH
Royse City Targaryens batting - Pitching for Athletic Club KC Reserves : RHP Ángel Rivera
Batting: SHB Miguel Herrera 0-0: Fly out, F8 (Line Drive, 8LM)
Batting: RHB David Elías 0-0: Foul Ball, location: 2F
0-1: Ball
1-1: Ball
2-1: Ball
3-1: Base on Balls
Batting: RHB José García 0-0: Ball
1-0: Swinging Strike
1-1: Reached on error, E4 (Groundball, 4)
David Elías to second
Batting: SHB Vernon T. Waldrip 0-0: Called Strike
0-1: Ball
1-1: Ball
2-1: Fielders Choice at 2nd, 6-4 (Groundball, 6)
David Elías to third
Batting: RHB Breanainn Swartwood 0-0: Called Strike
0-1: Swinging Strike
0-2: Fly out, F9 (Flyball, 89D)
Bottom of the 6th over - 0 runs, 0 hits, 1 error, 2 left on base; Athletic Club KC 4 - Royse City 8
TOP OF THE 7TH
Athletic Club KC Reserves batting - Pitching for Royse City Targaryens : LHP Pedro Tavárez
Batting: LHB Tsai Ng 0-0: Ball
1-0: Ball
2-0: SINGLE (Groundball, 34D)
Batting: LHB Luis Miguel González 0-0: Ball
Tsai Ng steals 2nd base
1-0: Ball
2-0: Called Strike
2-1: Foul Ball, location: 2F
2-2: Ball
3-2: Fly out, F7 (Flyball, 7)
Batting: SHB Carlos Rodríguez 0-0: Called Strike
0-1: Swinging Strike
0-2: Foul Ball, location: 2F
0-2: Ball
1-2: Foul Ball, location: 2F
1-2: Fly out, F8 (Flyball, 8RM)
Batting: RHB Tasuku Goto 0-0: Ball
1-0: Ball
2-0: SINGLE (Groundball, 6D)
Tsai Ng to third
Runner from 3rd tries for Home, SAFE, throw made home
Batting: LHB Manuel Domínguez 0-0: Ball
1-0: Ground out 4-3 (Groundball, 34)
Top of the 7th over - 1 run, 2 hits, 0 errors, 1 left on base; Athletic Club KC 5 - Royse City 8
BOTTOM OF THE 7TH
Royse City Targaryens batting - Pitching for Athletic Club KC Reserves : RHP Ángel Rivera
Batting: LHB Takahiro Suzuki 0-0: Hit by Pitch
Batting: RHB Víctor Cuevas Pickoff Throw to First - Error! E1
Takahiro Suzuki to second
0-0: Called Strike
0-1: Ball
1-1: Ball
2-1: Fly out, F8 (Flyball, 8LM)
Batting: RHB Melvin Thomas 0-0: Intentional Walk
Batting: LHB Santiago Miranda 0-0: Called Strike
Takahiro Suzuki steals 3rd base
Melvin Thomas to second
0-1: Ball
1-1: Called Strike
1-2: Fly out, F4 (Popup, 34)
Batting: SHB Miguel Herrera 0-0: Ball
1-0: Ground out 4-3 (Groundball, 4)
Bottom of the 7th over - 0 runs, 0 hits, 1 error, 2 left on base; Athletic Club KC 5 - Royse City 8
TOP OF THE 8TH
Athletic Club KC Reserves batting - Pitching for Royse City Targaryens : LHP Pedro Tavárez
Pitching: RHP Ralph McKinney
Batting: RHB Troy Whitehurst 0-0: Foul Ball, location: 2F
0-1: Foul Ball, location: 2F
0-2: Ball
1-2: Foul Ball, location: 2F
1-2: Ball
2-2: Foul Ball, location: 2F
2-2: Ball
3-2: SINGLE (Flyball, 8RS)
Batting: RHB Pedro Solís 0-0: Called Strike
0-1: Swinging Strike
0-2: Strikes out looking
Batting: RHB Armando Altagracia 0-0: Ball
1-0: Ball
2-0: Fly out, F8 (Flyball, 8RM)
Batting: LHB Kwang-chih Feng 0-0: DOUBLE (Line Drive, 7LS)
Troy Whitehurst to third
Batting: LHB Tsai Ng 0-0: SINGLE (Groundball, 4MD)
Troy Whitehurst scores
Kwang-chih Feng to third
Runner from 3rd tries for Home, SAFE, no throw
Batting: LHB Luis Miguel González 0-0: Ball
1-0: SINGLE (Flyball, 7LS)
Tsai Ng to second
Batting: SHB Carlos Rodríguez 0-0: Ball
1-0: Called Strike
1-1: Foul Ball, location: 2F
1-2: Ball
2-2: Foul Ball, location: 2F
2-2: Foul Ball, location: 2F
2-2: Ball
3-2: Strikes out looking
Top of the 8th over - 2 runs, 4 hits, 0 errors, 2 left on base; Athletic Club KC 7 - Royse City 8
BOTTOM OF THE 8TH
Royse City Targaryens batting - Pitching for Athletic Club KC Reserves : RHP Ángel Rivera
Batting: RHB David Elías 0-0: SINGLE (Groundball, 25) (infield hit)
Batting: RHB José García 0-0: Sac Bunt - play at first, batter OUT! 1-4
David Elías to second
Pinch Hitting: RHB Tomás Martínez 0-0: Intentional Walk
Batting: RHB Breanainn Swartwood 0-0: Called Strike
0-1: Called Strike
0-2: Strikes out looking
Batting: LHB Takahiro Suzuki 0-0: Fly out, F9 (Flyball, 9D)
Bottom of the 8th over - 0 runs, 1 hit, 0 errors, 2 left on base; Athletic Club KC 7 - Royse City 8
TOP OF THE 9TH
Athletic Club KC Reserves batting - Pitching for Royse City Targaryens : RHP Ralph McKinney
Now at 1B: Clifford Johnson
Now in RF: IV Seacat
Batting: RHB Tasuku Goto 0-0: Called Strike
0-1: Ground out 5-3 (Groundball, 5S)
Batting: LHB Manuel Domínguez 0-0: Called Strike
0-1: Ball
1-1: Called Strike
1-2: Ball
2-2: Foul Ball, location: 2F
2-2: Strikes out swinging
Pinch Hitting: LHB Shojiro Ueda 0-0: Ball
1-0: Ball
2-0: Ground out 5-3 (Groundball, 56S)
Top of the 9th over - 0 runs, 0 hits, 0 errors, 0 left on base; Athletic Club KC 7 - Royse City 8
Friday, March 29th, 2019 - OOTP Baseball 18.8 Build 76